AoeStats
← DK_Odysseo

Arabia

509947101Analyzed
1v1 RM · 3d ago on Sep 28, 2026· 37m 19s· 2 players
Game mode
Random Map
Map size
Tiny (2 player)
Population
200
Speed
Normal
Resources
Standard
Victory
Conquest
Starting age
Dark Age
Ending age
Imperial Age
RankedLock teamsTeams togetherTeam positionsShared explorationLock speedFull tech treeHidden civsTurbo modeCheats
Victory
Defeat
🇪🇸 Portuguese · Spain
1910
+14
🇦🇷 Hindustanis · Argentina
1867
-14
ElsterAur
7:41 Loom
9:51 Feudal Age
10:04 Man-at-Arms
11:39 Double-Bit Axe
13:06 Horse Collar
17:09 Town Watch
23:45 Castle Age
22:23 Scale Barding Armor
23:24 Forging
23:35 Bloodlines
24:49 Chain Barding Armor
23:53 Light Cavalry
29:24 Husbandry
30:56 Long Swordsman
36:09 Imperial Age
33:42 Fletching
34:35 Heavy Plow
35:07 Bodkin Arrow
35:35 Padded Archer Armor
36:12 Thumb Ring
36:12 Grand Trunk Road
36:53 Bracer
37:54 Conscription
DK_Odysseo
7:01 Loom
9:20 Feudal Age
10:07 Double-Bit Axe
15:05 Fletching
21:47 Castle Age
20:11 Stone Mining
20:07 Horse Collar
20:31 Scale Mail Armor
21:10 Gold Mining
23:13 Bow Saw
23:32 Heavy Plow
29:40 Man-at-Arms
34:30 Imperial Age
32:10 Pikeman
33:34 Chain Mail Armor
33:32 Man-at-Arms
34:05 Man-at-Arms
34:39 Halberdier
Connection lost

Rejoining the realm…

Still unreachable

The connection could not be restored.

Session expired

The server has moved on; the page needs a fresh start.